 Dungeon Crawl Stone Soup version 0.20.0-10-g0535bb4 (webtiles) character file.

58 kuniqs the Skirmisher (level 3, -1/33 HPs)
             Began as a Minotaur Fighter on June 3, 2017.
             Slain by Natasha (3 damage)
             ... on level 2 of the Dungeon.
             The game lasted 00:01:01 (864 turns).

kuniqs the Skirmisher (Minotaur Fighter)             Turns: 864, Time: 00:01:02

Health: -1/33      AC:  7    Str: 21    XL:     3   Next: 76%
Magic:  2/2        EV:  8    Int:  5    God:
Gold:   110        SH:  9    Dex:  9    Spells: 2/2 levels left

rFire    . . .     SeeInvis .   a - +0 long sword
rCold    . . .     Gourm    .   c - +0 shield
rNeg     . . .     Faith    .   b - +0 scale mail
rPois    .         Spirit   .   (helmet restricted)
rElec    .         Reflect  .   (no cloak)
rCorr    .         Harm     .   (no gloves)
MR       .....                  (no boots)
Stlth    ..........             p - amulet of regeneration
Regen    0.6/turn               (no ring)
MPRegen  0.1/turn               (no ring)

@: slowed, very slow
A: retaliatory headbutt, horns 2
a: no special abilities


You were on level 2 of the Dungeon.
You were not hungry.

You visited 1 branch of the dungeon, and saw 2 of its levels.

You collected 110 gold pieces.

Inventory:

Hand Weapons
 a - a +0 long sword (weapon)
Armour
 b - a +0 scale mail (worn)
 c - a +0 shield (worn)
Jewellery
 p - an amulet of regeneration (around neck)
Scrolls
 i - a scroll of amnesia {unknown}
 l - a scroll of noise {unknown}
 m - a scroll of teleportation {unknown}
 n - a scroll of identify {unknown}
 q - a scroll of magic mapping {unknown}
Potions
 e - 2 potions of curing {@q1}
 f - a potion of might
 h - a potion of cancellation {unknown}
 j - a potion of lignification {unknown}
 o - a potion of mutation {unknown}
Comestibles
 d - a bread ration
 g - a chunk of flesh
 k - 2 royal jellies


   Skills:
 + Level 4.1 Fighting
 + Level 3.2 Long Blades
 + Level 4.1 Armour
 + Level 1.5 Dodging
 + Level 4.0 Shields


You had 2 spell levels left.
You didn't know any spells.

Dungeon Overview and Level Annotations

Branches:
Dungeon (2/15)

Altars:

Annotations:
D:2 Natasha


Innate Abilities, Weirdness & Mutations

You reflexively headbutt those who attack you in melee.
You have a pair of horns on your head.


Message History

Natasha stares at you and mumbles some strange words.
You resist with significant effort. The white imp gestures at you.
The puff of frost hits you!
* * * LOW HITPOINT WARNING * * *
The quokka closely misses you. Natasha casts a spell at you.
You feel as though you will be slow longer.
You closely miss Natasha. Your headbutt misses Natasha.
Natasha is heavily wounded.
You block the quokka's attack. Natasha barely misses you.
The quokka bites you but does no damage.
The crimson imp barely misses you. Natasha claws you.
* * * LOW HITPOINT WARNING * * *
Some of the chunks of flesh in your inventory have rotted away.
You hit Natasha.
Natasha is severely wounded.
You block the quokka's attack. The quokka closely misses you.
The crimson imp blinks!
Natasha claws you.
You die...

#...........#
..#...........# ##
#.#...........# .5
#.#...........# ##.
#.#.......... # ...
#.#.......... #
#####.####.#.......(.. #
......r............... #
......h@.............. #
......5..#.#.###+#####.#
...##.#.##.#.##........#
. #.#.##.#'##........# #
#.##.............#
#.##.............
..##.............
..##.......#####.
..##.......#####.


You could see Natasha, a crimson imp, a white imp and a quokka.

Vanquished Creatures
  Natasha (D:2)
  An adder (D:2)
  A worm (D:2)
  A dart slug (D:1)
  A leopard gecko (D:1)
  3 bats (D:1)
  A giant cockroach (D:2)
  4 goblins
  2 hobgoblins
  4 frilled lizards
  A kobold (D:2)
  2 rats (D:1)
22 creatures vanquished.

Notes
Turn   | Place    | Note
-------+----------+-------------------------------------------
     0 | D:1      | kuniqs the Minotaur Fighter began the quest for the Orb.
     0 | D:1      | Reached XP level 1. HP: 19/19 MP: 0/0
   382 | D:1      | Reached XP level 2. HP: 27/27 MP: 1/1
   678 | D:2      | Reached skill level 1 in Dodging
   809 | D:2      | Noticed Natasha
   818 | D:2      | Killed Natasha
   818 | D:2      | Reached XP level 3. HP: 25/33 MP: 2/2
   854 | D:2      | Noticed Natasha
   863 | D:2      | HP: 1/33 [Natasha (4)]
   864 | D:2      | Slain by Natasha

Skill      XL: |  1  2 |
---------------+-------+-----
Dodging        | 1 |  1.5
Fighting       | 4 |  4.1
Long Blades    | 3 |  3.2
Armour         | 4 |  4.1
Shields        | 4 |  4.0

Action                   || total
-------------------------++-------
Melee: Long sword        ||    73
       Headbutt          ||     8
  Use: Potion            ||     1
Armor: Scale mail        ||    38
Dodge: Dodged            ||    28
Block: Shield            ||    39
       Rpst.: Long sword ||     4
